 Dungeon Crawl Stone Soup version 0.19.0-2-gae57169 (webtiles) character file.

100 varam the Cudgeler (level 4, -1/39 HPs)
             Began as a Minotaur Berserker on Nov 3, 2016.
             Was a Follower of Trog.
             Slain by Sigmund
             ... wielding a +0 scythe
              (4 damage)
             ... on level 3 of the Dungeon.
             The game lasted 00:02:18 (1726 turns).

varam the Cudgeler (Minotaur Berserker)             Turns: 1726, Time: 00:02:19

Health: -1/39      AC:  6    Str: 21    XL:     4   Next: 46%
Magic:  3/3        EV: 10    Int:  4    God:    Trog [*.....]
Gold:   54         SH:  0    Dex: 11    Spells: 0 memorised, 3 levels left

rFire  . . .     SeeInvis .     a - +0 mace
rCold  + . .     Gourm    .     u - +0 scale mail
rNeg   . . .     Faith    .     (no shield)
rPois  .         Spirit   .     (helmet restricted)
rElec  .         Reflect  .     (no cloak)
rCorr  .         Harm     .     (no gloves)
MR     .....                    (no boots)
Stlth  ..........               (no amulet)
                                e - ring of protection from cold
                                (no ring)

@: exhausted, slowed, very slow
A: retaliatory headbutt, horns 2
a: Berserk, Burn Spellbooks, Renounce Religion


You were on level 3 of the Dungeon.
You worshipped Trog.
Trog was aware of your devotion.
You were very hungry.

You visited 1 branch of the dungeon, and saw 3 of its levels.

You collected 54 gold pieces.

Inventory:

Hand Weapons
 a - a +0 mace (weapon)
Armour
 r - a +0 shield
 u - a +0 scale mail (worn)
Jewellery
 e - a ring of protection from cold (right hand)
Scrolls
 d - a scroll of teleportation {unknown}
 f - a scroll of amnesia {unknown}
 h - 2 scrolls of recharging {unknown}
 j - a scroll of noise {unknown}
 k - a scroll of magic mapping {unknown}
 l - a scroll of enchant armour {unknown}
 m - 2 scrolls of remove curse {unknown}
 n - 2 scrolls of identify {unknown}
Potions
 g - 2 potions of brilliance {unknown}
 i - a potion of magic {unknown}
 q - a potion of heal wounds {unknown}
 s - 3 potions of curing {unknown}
 t - a potion of agility {unknown}
Comestibles
 c - 3 bread rations
 o - a meat ration


   Skills:
 - Level 3.6 Fighting
 + Level 6.4 Maces & Flails
 - Level 2.4 Armour
 - Level 2.1 Dodging


You had 3 spell levels left.
You didn't know any spells.

Dungeon Overview and Level Annotations

Branches:
Dungeon (3/15)

Altars:
Dithmenos
Ru

Annotations:
D:3 Sigmund


Innate Abilities, Weirdness & Mutations

You reflexively headbutt those who attack you in melee.
You have a pair of horns on your head.


Message History

You closely miss something. Your headbutt misses something. Something hits you!
You sock something! You closely miss something. You headbutt something!
You sock something! Your headbutt misses something.
You hit something but do no damage. Your headbutt misses something.
Something hits you but does no damage.
You closely miss something. You miss something.
You are no longer berserk.
You are exhausted.
You feel yourself slow down. Something hits you!
* * * LOW HITPOINT WARNING * * *
You hit something.
You hear some strange, mumbled words.
A puff of flame appears from out of thin air!
The puff of flame hits you!
* * * LOW HITPOINT WARNING * * *
All of the chunks of flesh in your inventory have rotted away.
You barely miss something. Something hits you.
You die...

......####### #
...#........# # .#
...#.######... .####.##
#.....### .?.....
#..#....# #....# .
#..##.#.########....##..
#. #...................
#. #.##...#####.# .... #
#.##...#####@##.....
#.###.......{....... #.#
##....##.#######
#.#####....#.#
#.......#....###
#.###..........# ##
##...........## ##...
#...###...#...# #.....
#..##.##..##..####......


There were no monsters in sight!

Vanquished Creatures
  Terence (D:2)
  5 adders
  An ooze (D:1)
  A leopard gecko (D:2)
  A ball python (D:2)
  2 bats
  3 giant cockroaches (D:2)
  3 hobgoblins
  A quokka (D:2)
  3 frilled lizards
  3 kobolds
  A rat (D:3)
25 creatures vanquished.

Notes
Turn   | Place    | Note
-------+----------+-------------------------------------------
     0 | D:1      | varam the Minotaur Berserker began the quest for the Orb.
     0 | D:1      | Reached XP level 1. HP: 19/19 MP: 0/0
   244 | D:1      | Reached skill level 4 in Maces & Flails
   261 | D:1      | Reached XP level 2. HP: 26/26 MP: 1/1
   758 | D:2      | Noticed Terence
   770 | D:2      | Killed Terence
   770 | D:2      | Reached skill level 5 in Maces & Flails
   770 | D:2      | Reached XP level 3. HP: 21/31 MP: 2/2
  1039 | D:2      | Reached skill level 6 in Maces & Flails
  1039 | D:2      | Reached XP level 4. HP: 11/39 MP: 3/3
  1647 | D:3      | Found a sacrificial altar of Ru.
  1669 | D:3      | Found a shadowy altar of Dithmenos.
  1692 | D:3      | Noticed Sigmund
  1725 | D:3      | HP: 3/39 [something/puff of flame (3)]
  1726 | D:3      | Slain by Sigmund

Skill      XL: |  1  2  3 |
---------------+----------+-----
Maces & Flails | 4 5 6 |  6.4
Fighting       | |  3.6
Armour         | |  2.4
Dodging        | |  2.1

Action                   |  1- 3 |  4- 6 || total
-------------------------+-------+-------++-------
Melee: Mace              |    50 |    23 ||    73
       Headbutt          |     3 |     2 ||     5
Invok: Berserk           |       |     1 ||     1
  Eat: Chunk             |       |     2 ||     2
Armor: Animal skin       |     8 |       ||     8
       Scale mail        |       |     8 ||     8
Dodge: Dodged            |    32 |    11 ||    43
